Map: Frozen Temple

Players

Miszu

  • Race: Zerg Zerg
  • League: Master

Snake - Winner!

  • Race: Zerg Zerg
  • League: Grandmaster

VOD

Have the link to the VOD?

Description

Time

  • Played on: July 2, 2016, 6:01 p.m.
  • Length: 4:39
Show
View Real Time Build Order
Export as new Build Order

Miszu Zerg 

Build Orders: Hatch First, Zergling Baneling 

Get SALT Encoding   

  12  0:03  Drone  
  13  0:13  Overlord  
  13  0:17  Drone  
  14  0:31  Drone x2  
  16  0:36  Drone  
  17  0:53  Drone  
  17  1:05  Hatchery  
  17  1:07  Drone  
  17  1:08  Extractor  
  16  1:15  Spawning Pool  
  15  1:20  Extractor, Drone  
  15  1:22  Drone  
  17  1:36  Drone  
  18  1:42  Drone  
  19  1:56  Overlord  
  19  2:03  Queen  
  19  2:05  Zergling x2  
  22  2:12  Zergling x2, Spine Crawler  
  22  2:17  Zergling x2  
  22  2:19  Metabolic Boost  
  23  2:23  Zergling x2  
  24  2:39  Zergling x2  
  24  2:45  Baneling Nest  
  21  3:04  Zergling x10  
  26  3:09  Overlord  
  26  3:15  Overlord x2  
  25  3:30  Baneling  
  25  3:32  Baneling  
  25  3:33  Zergling x6  
  28  3:52  Zergling x6  
  31  3:59  Zergling x2  
  30  4:09  Zergling x2  
  31  4:13  Baneling x4, Hatchery  
  31  4:14  Baneling  
  31  4:15  Baneling  
  30  4:20  Baneling  
  30  4:21  Baneling  
Show
View Real Time Build Order
Export as new Build Order

Snake Zerg - Winner!

Build Orders: Pool First 

Get SALT Encoding   

  12  0:01  Drone  
  13  0:25  Spawning Pool  
  12  0:29  Drone  
  12  0:33  Drone  
  14  0:41  Overlord  
  14  1:15  Zergling x6  
  14  1:16  Evolution Chamber  
  14  1:17  Queen  
  19  1:27  Zergling x2  
  20  1:41  Zergling x2  
  21  1:51  Zergling x2  
  22  1:59  Overlord  
  22  2:07  Hatchery  
  21  2:14  Extractor  
  21  2:15  Drone  
  21  2:18  Queen  
  21  2:21  Spine Crawler  
  22  2:24  Drone  
  23  2:31  Drone  
  23  2:36  Drone  
  25  2:40  Drone  
  26  2:45  Drone  
  27  2:54  Drone  
  27  2:58  Drone  
  27  2:59  Drone  
  27  3:04  Drone  
  29  3:14  Roach Warren  
  29  3:15  Drone  
  29  3:20  Drone x2  
  31  3:33  Overlord  
  31  3:46  Overlord  
  31  3:51  Evolution Chamber  
  31  3:54  Roach x2  
  33  3:57  Roach x2  
  33  3:58  Roach  
  36  4:06  Evolution Chamber  
  35  4:11  Roach  
  35  4:12  Roach  
  35  4:16  Evolution Chamber  
  38  4:19  Drone  
Tags
 
Add a new tag
Caveats
  • Supply blocks, unpowered buildings, or Contaminate may cause inaccurate times.
  • Supply counts are checked every 10 seconds.